 Dungeon Crawl Stone Soup version 0.27-a0-1513-g2aaa0cc67b (webtiles) character file.

Game seed: 12125815714547882800

918 pkoi the Carver (level 7, -1/56 HPs)
             Began as a Minotaur Gladiator on July 9, 2021.
             Slain by Duvessa (15 damage)
             ... on level 7 of the Dungeon.
             The game lasted 00:05:15 (4039 turns).

pkoi the Carver (Minotaur Gladiator)                Turns: 4039, Time: 00:05:15

Health: -1/56      AC:  4    Str: 20    XL:     7   Next: 83%
Magic:  6/6        EV: 12    Int:  5    God:
Gold:   214        SH:  5    Dex: 14    Spells: 5/6 levels left

rFire    . . .     SeeInvis .   a - +1 long sword
rCold    . . .     Faith    .   (no shield)
rNeg     . . .     Spirit   .   b - +0 leather armour
rPois    .         Reflect  +   c - +0 hat
rElec    .         Harm     .   (no cloak)
rCorr    .         Rampage  .   r - +0 pair of gloves
Will     .....     Rnd*Tele +   (no boots)
Stlth    +.........             i - amulet of reflection
HPRegen  0.18/turn              (no ring)
MPRegen  0.10/turn              (no ring)

@: no status effects
A: horns 2, retaliatory headbutt, agile 1, teleportitis 1
a: no special abilities


You were on level 7 of the Dungeon.
You visited 1 branch of the dungeon, and saw 6 of its levels.

You collected 214 gold pieces.

Inventory:

Hand Weapons
 a - a +1 long sword (weapon)
Missiles
 d - 2 throwing nets (quivered)
 g - 22 poisoned darts
 q - 7 atropa-tipped darts
Armour
 b - a +0 leather armour (worn)
 c - a +0 hat (worn)
 r - a +0 pair of gloves (worn)
Jewellery
 i - an amulet of reflection (around neck)
 o - a ring of ice
Wands
 k - a wand of polymorph (11)
Scrolls
 e - 2 scrolls of enchant weapon
 f - a scroll of enchant armour {unknown}
 h - 2 scrolls of immolation {unknown}
 j - a scroll of noise {unknown}
 n - a scroll of magic mapping
 p - 4 scrolls of identify


   Skills:
 - Level 2.4 Fighting
 + Level 11.2 Long Blades
 - Level 2.0 Throwing
 - Level 3.2 Dodging


You had 5 spell levels left.
You knew the following spells:

 Your Spells              Type           Power      Damage    Failure   Level
a - Apportation           Tloc           0%         N/A       54%         1

Your spell library contained the following spells:

 Spells                   Type           Power      Damage    Failure   Level
 Animate Skeleton         Necr           0%         N/A       54%         1
 Corona                   Hex            0%         N/A       54%         1
 Pain                     Necr           0%         1d4       54%         1
 Summon Small Mammal      Summ           0%         N/A       54%         1
 Dazzling Flash           Conj/Hex       0%         N/A       88%         3
 Vampiric Draining        Necr           0%         2d6       88%         3
 Agony                    Necr           0%         N/A       100%        5
 Silence                  Hex/Air        0%         N/A       100%        5
 Borgnjor's Revivificati  Necr           0%         N/A       100%        8
 Necromutation            Tmut/Necr      0%         N/A       100%        8
 Death's Door             Necr           0%         N/A       100%        9


Dungeon Overview and Level Annotations

Branches:
Dungeon (7/15)
 Temple: D:4-7

Altars:

Annotations:
D:3 1 runed translucent door, atabob's ghost, weakling DsGl
D:7 Duvessa


Innate Abilities, Weirdness & Mutations

You have a pair of horns on your head.
You reflexively headbutt those who attack you in melee.
You are agile. (Dex +2)
You are occasionally teleported next to monsters.


Message History

You kill the scorpion!
The howler monkey skeleton hits you but does no damage.
Unknown command.
The gnoll closely misses you.
You block the howler monkey skeleton's attack.
Found a potion of curing.
Found a copper wand.
You block the howler monkey skeleton's attack.
Found 19 arrows.
You are starting to lose your buoyancy.
You float gracefully downwards.
Found a scroll of amnesia.
Found a runed bronze wand.
An iguana comes into view.
The iguana hisses angrily.
You block the iguana's attack. You block the iguana's attack.
Found a stone staircase leading down.
Found a stone staircase leading up.
Found 15 bolts.
There is a stone staircase leading down here.
The iguana bites you!
* * * LOW HITPOINT WARNING * * *
You climb downwards.
Duvessa, Sister of Dowan comes into view.
She is wielding a +0 rapier.
Found a whip and 9 gold pieces.
There is a stone staircase leading up here.
Duvessa goes berserk!
A killer bee zombie comes into view.
You hear a shout! x2
Throw: 3 throwing nets
Press: ? - help, Q - select action, (/) - cycle Shift-Dir - straight line, f - Duvessa
Aim: Duvessa, wielding a +0 rapier and wearing a +0 leather armour (berserk, 64% to hit)
You throw a throwing net. The throwing net hits Duvessa.
Duvessa is caught in the net!
Duvessa struggles against the net.
Duvessa struggles against the net. x2
The net rips apart, and Duvessa comes free!
Duvessa hits you with a +0 rapier!
You die...

.# ... ..#
.# .... ..#
.# ....#..#
.# ..
.##'#...##
.# ..
......#.#
#Z##.#.##.#
#......Z..#
#....<).#e#
#.......#@#
+..........#
############


You could see Duvessa (berserk).

Vanquished Creatures
  2 water moccasins
  3 ogres
  A scorpion (D:6)
  Dowan (D:7)
  A howler monkey (D:4)
  A hound (D:6)
  A bullfrog skeleton (D:4)
  2 orc wizards
  An iguana (D:6)
  2 hound skeletons (D:4)
  3 gnolls (D:3)
  An adder (D:2)
  A white imp (D:7)
  2 adder skeletons (D:4)
  2 dart slugs
  11 orcs
  6 ball pythons
  15 endoplasms
  4 giant cockroaches
  8 hobgoblins
  7 jackals
  6 kobolds
  4 quokkas
  3 bats
  5 frilled lizards
  5 goblins
  6 rats
104 creatures vanquished.

Notes
Turn   | Place    | Note
-------+----------+-------------------------------------------
     0 | D:1      | pkoi the Minotaur Gladiator began the quest for the Orb.
     0 | D:1      | Reached XP level 1. HP: 18/18 MP: 0/0
    33 | D:1      | Reached skill level 4 in Long Blades
   151 | D:1      | Reached XP level 2. HP: 23/25 MP: 1/1
   343 | D:1      | Reached skill level 5 in Long Blades
   410 | D:1      | Reached XP level 3. HP: 29/30 MP: 2/2
   712 | D:2      | Reached XP level 4. HP: 11/37 MP: 3/3
   775 | D:1      | Reached skill level 6 in Long Blades
  1090 | D:2      | Learned a level 1 spell: Apportation
  1116 | D:2      | Found a faded altar of an unknown god.
  1740 | D:3      | Reached XP level 5. HP: 29/42 MP: 4/4
  1742 | D:3      | Reached skill level 7 in Long Blades
  1877 | D:3      | Found a runed translucent door.
  1880 | D:3      | Noticed atabob's ghost (weakling DsGl)
  2680 | D:4      | Noticed an ogre
  2688 | D:4      | Killed an ogre
  2689 | D:4      | Reached skill level 8 in Long Blades
  2689 | D:4      | Reached XP level 6. HP: 13/50 MP: 5/5
  3011 | D:4      | Noticed a water moccasin
  3017 | D:4      | Killed a water moccasin
  3018 | D:4      | Reached skill level 9 in Long Blades
  3019 | D:4      | Gained mutation: You are occasionally teleported next to
                  | monsters. [potion of mutation]
  3019 | D:4      | Gained mutation: You are agile. (Dex +2) [potion of
                  | mutation]
  3407 | D:4      | You fall into a shaft and drop 3 floors!
  3513 | D:7      | Reached XP level 7. HP: 17/56 MP: 6/6
  3761 | D:7      | Noticed Dowan
  3788 | D:7      | Killed Dowan
  3789 | D:7      | Reached skill level 10 in Long Blades
  3970 | D:6      | Reached skill level 11 in Long Blades
  4030 | D:7      | Noticed Duvessa
  4039 | D:7      | Slain by Duvessa

Illustrated notes

Levels and vault maps discovered:
D:1:      dpeg_arrival_rooms_with_view, layout_basic
D:2:      layout_basic, hellmonk_ecumenical_altar_pennies_from_heaven
D:3:      layout_basic, ebering_ghost_sewer_d
D:4:      layout_rooms, serial_rivers, chequers_serial_rivers_marsh,
          chequers_serial_rivers_micro_c, chequers_serial_rivers_small_a,
          chequers_serial_rivers_micro_d, chequers_serial_rivers_room_a,
          minmay_quadrilaterals
D:6:      layout_basic, ebering_ghost_sewer_f, centaur_isle
D:7:      layout_basic, makhleb_altar_promises_db, minmay_temple_entry_hall,
          serial_aquarium, aquarium_bridge_straight [aquarium_subvault_bridge,
          aquarium_subvault_wall, aquarium_subvault_bridge,
          aquarium_subvault_window], aquarium_bridge_long_separate
          [aquarium_subvault_balcony, aquarium_subvault_wall,
          aquarium_subvault_bridge, aquarium_subvault_wall,
          aquarium_subvault_bridge, aquarium_subvault_bridge],
          aquarium_window_2, aquarium_window_2, aquarium_window_1,
          aquarium_window_2, aquarium_view_2c, aquarium_pool_corner,
          uniq_maggie, uniq_pikel, uniq_duvessa

Skill      XL: |  1  2  3  4  5  6  7 |
---------------+----------------------+-----
Long Blades    | 4 5 6 8 9 11 | 11.2
Fighting       | |  2.4
Throwing       | |  2.0
Dodging        | |  3.2

Action                   |  1- 3 |  4- 6 |  7- 9 || total
-------------------------+-------+-------+-------++-------
Melee: Long sword        |    65 |   115 |    32 ||   212
       Headbutt          |     7 |    29 |     7 ||    43
Throw: Throwing net      |       |       |     1 ||     1
  Use: Scroll            |       |     5 |       ||     5
       Potion            |       |     3 |     1 ||     4
 Stab: Sleeping          |       |       |     1 ||     1
Armor: Leather armour    |     7 |    14 |     6 ||    27
Dodge: Dodged            |    34 |    65 |    17 ||   116
Block: Other             |     4 |    22 |    12 ||    38
       Reflection        |       |     2 |     1 ||     3
       Rpst.: Long sword |     5 |    13 |     4 ||    22

Table legend: (Time is in decaauts)
 A = Elapsed time spent in this place.
 B = Non-inter-level travel time spent in this place.
 C = Inter-level travel time spent in this place.
 D = Time resting spent in this place.
 E = Time spent auto-exploring this place.
 F = Levels seen in this place.
 G = Mean time per level.
                   A        B        C        D        E       F      G
               +--------+--------+--------+--------+--------+-----+--------+
         Total |   4056 |   3897 |    159 |   1063 |   2015 |   6 |  676.0 |
       Dungeon |   4056 |   3897 |    159 |   1063 |   2015 |   6 |  676.0 |
               +--------+--------+--------+--------+--------+-----+--------+

Top non-repeatable levels by time:
     D:3: 1349 daAuts
     D:2: 834 daAuts
     D:1: 824 daAuts
     D:7: 484 daAuts
     D:4: 420 daAuts
     D:6: 143 daAuts
